 Dungeon Crawl Stone Soup version 0.30-a0-168-g0b976cbdc4 (webtiles) character file.

Game seed: 14349230197554768320

15459 jlumianski the Cleaver (level 12, -9/73 HPs)
             Began as a Gargoyle Gladiator on Sept 29, 2022.
             Was a Believer of Qazlal.
             Mangled by a white ugly thing (28 damage)
             ... on level 12 of the Dungeon on Sept 30, 2022.
             The game lasted 00:59:50 (10719 turns).

jlumianski the Cleaver (Gargoyle Gladiator)        Turns: 10719, Time: 00:59:53

Health: -9/73      AC: 32    Str: 22    XL:     12   Next: 27%
Magic:  16/16      EV: 13    Int:  8    God:    Qazlal [**....]
Gold:   1099       SH:  3    Dex: 11    Spells: 11/11 levels left

rFire   . . .      SeeInvis .    a - +0 war axe
rCold   . . .      Faith    .    (no shield)
rNeg    + . .      Spirit   .    I - +0 chain mail
rPois   ∞          Reflect  .    c - +2 helmet
rElec   +          Harm     .    G - +1 cloak {Stlth+}
rCorr   .          Rampage  .    i - +2 pair of gloves
Will    .....                    (no boots)
Stlth   ..........               f - amulet of regeneration
HPRegen 1.02/turn                s - +4 ring of evasion
MPRegen 0.15/turn                H - +4 ring of protection

@: no status effects
A: sickness immunity, AC +8, negative energy resistance 1, electricity
resistance, torment resistance 1, petrification resistance, weak 1
a: Renounce Religion, Upheaval


You were on level 12 of the Dungeon.
You worshipped Qazlal.
Qazlal was pleased with you.
You visited 2 branches of the dungeon, and saw 15 of its levels.

You collected 1099 gold pieces.

Inventory:

Hand Weapons
 a - a +0 war axe (weapon)
Missiles
 d - 5 throwing nets
 e - a javelin
 k - 11 poisoned darts (quivered)
 y - 4 boomerangs of dispersal
 K - 6 boomerangs
Armour
 c - a +2 helmet (worn)
 i - a +2 pair of gloves (worn)
 m - the +4 ring mail "Zopt" {Str+4}
   (You found it on level 10 of the Dungeon)

   Str:       It affects your strength (+4).
 G - a +1 cloak of stealth (worn)
 I - a +0 chain mail (worn)
Jewellery
 f - an amulet of regeneration (around neck)
 p - an amulet of reflection
 s - a +4 ring of evasion (left hand)
 w - a ring of fire
 F - a ring of positive energy
 H - a +4 ring of protection (right hand)
Wands
 g - a wand of paralysis (5)
 O - a wand of light (34)
 P - a wand of mindburst (18)
Scrolls
 h - 3 scrolls of magic mapping
 r - a scroll of poison
 u - a scroll of fear
 v - a scroll of fog
 x - 2 scrolls of teleportation
Potions
 b - a potion of invisibility
 j - a potion of mutation
 l - 6 potions of curing
 o - 2 potions of lignification
 q - 3 potions of attraction
 t - a potion of resistance
 z - a potion of might
 E - 3 potions of haste
 J - 3 potions of heal wounds
 N - a potion of flight


   Skills:
 + Level 7.9 Fighting
 + Level 12.6 Axes
 + Level 3.2 Throwing
 + Level 7.3 Armour
 + Level 4.7 Dodging
 + Level 2.9 Stealth
 + Level 2.6 Shields
 * Level 6.4 Invocations
 * Level 4.9 Evocations


You had 11 spell levels left.
You didn't know any spells.
Your spell library contained the following spells:

 Spells                   Type           Power      Damage    Failure   Level
 Apportation              Tloc           0%         N/A       97%         1
 Foxfire                  Conj/Fire      0%         2x1d4     97%         1
 Scorch                   Fire           0%         2d5       99%         2
 Ozocubu's Armour         Ice            0%         N/A       100%        3
 Manifold Assault         Tloc           0%         N/A       100%        4
 Alistair's Intoxication  Tmut/Pois      0%         N/A       100%        5
 Fireball                 Conj/Fire      0%         3d3       100%        5
 Starburst                Conj/Fire      0%         6d3       100%        6
 Ozocubu's Refrigeration  Ice            0%         4d7       100%        7
 Ignition                 Fire           0%         3d3       100%        8


Dungeon Overview and Level Annotations

Branches:
Dungeon (14/15)            Temple (1/1) D:7            Lair (0/5) D:9
    Orc (0/2) D:11
 Vaults: D:13-14

Altars:
Cheibriados
Dithmenos
Elyvilon
Fedhas
Gozag
Hepliaklqana
Kikubaaqudgha
Makhleb
Nemelex Xobeh
Okawaru
Qazlal
Ru
Sif Muna
Trog
Uskayaw
Vehumet
Wu Jian
Xom
Yredelemnul
Zin
The Shining One

Portals:
Trove: D:11 (give 15 potions of curing)


Innate Abilities, Weirdness & Mutations

You are immune to sickness and miasma.
Your stone body is resilient. (AC +8)
You are immune to poison.
You resist negative energy. (rN+)
You are resistant to electric shocks. (rElec)
You are resistant to unholy torment.
You are immune to petrification.
You are weak. (Str -2)


Message History

The acid dragon claws you but does no damage.
You closely miss the acid dragon.
The acid dragon is severely wounded.
You barely miss the white ugly thing. You hit the white ugly thing.
The white ugly thing is lightly wounded.
You barely miss the wraith. You slash the acid dragon!
You kill the acid dragon!
Qazlal accepts your kill.
You block the white ugly thing's attack.
The wraith is engulfed in freezing vapours.
You block the wraith's attack.
You slash the white ugly thing!
The white ugly thing is moderately wounded.
You hit the wraith.
The white ugly thing is engulfed in freezing vapours.
The white ugly thing punches you! The white ugly thing freezes you!!
You barely miss the white ugly thing.
The white ugly thing is moderately wounded.
You barely miss the wraith. The wraith hits you!
* * * LOW HITPOINT WARNING * * *
The white ugly thing is engulfed in freezing vapours.
The white ugly thing misses you.
You hit the white ugly thing.
The white ugly thing is heavily wounded.
You slash the wraith! The wraith hits you but does no damage.
The white ugly thing is engulfed in freezing vapours.
The white ugly thing punches you but does no damage.
Unknown command.
You barely miss the white ugly thing.
The white ugly thing is heavily wounded.
You hit the wraith. The wraith hits you but does no damage.
You closely miss the white ugly thing.
The white ugly thing is heavily wounded.
You hit the wraith but do no damage.
The white ugly thing is engulfed in freezing vapours.
The white ugly thing punches you.
* * * LOW HITPOINT WARNING * * *
The white ugly thing freezes you!!
You die...

. =.......... .# #####
..........#.. #...#
$.........#.## .####.#.#
....$.......# .......)#
#..........# .###.....
#..........## #.#...
#...§uW....##. #.#...
#....@.....##.###.....
#....°......#...#.....
########.###.......#.#.###.#.....
...................# #...........
...#.###.##........# #.........#.
...#.....##........#.#...........
...#.############....#....)...##.
.###.........####.####....##.###.
.# #########......#..#.##.##.# #.


You could see a white ugly thing and a wraith.

Vanquished Creatures
  Harold (D:9)
  A centaur warrior (D:11)
  2 two-headed ogres
  Lodul (D:10)
  3 manticores
  3 cyclopes
  2 gargoyles (D:12)
  Prince Ribbit (D:8)
  3 trolls
  Grinder (D:3)
  4 slime creatures
  Sigmund (D:2)
  A shadow (D:9)
  A wraith (D:12)
  A steam dragon (D:7)
  13 yaks
  5 vampire mosquitoes
  3 acid dragons
  2 water moccasins
  2 sky beasts (D:8)
  3 swamp drakes
  2 ice beasts
  4 black bears (D:8)
  3 orc warriors
  10 ogres
  5 centaurs
  A kobold brigand (D:10)
  5 bullfrogs
  A necrophage (D:6)
  A scorpion (D:4)
  5 killer bees (D:9)
  A howler monkey (D:7)
  Crazy Yiuf (D:4)
  3 jellies
  3 orc priests
  5 hounds
  2 gnoll boudas (D:5)
  An iguana (D:7)
  10 orc wizards
  14 gnolls
  8 adders
  A white imp (D:6)
  2 ufetubi
  3 worms
  2 dart slugs (D:1)
  36 orcs
  5 ball pythons
  8 endoplasms
  3 giant cockroaches
  9 goblins
  16 hobgoblins
  4 jackals (D:3)
  2 quokkas
  5 bats
  5 frilled lizards
  8 kobolds
  2 rats (D:1)
250 creatures vanquished.

Vanquished Creatures (others)
  15 fungi
  8 plants (D:9)
23 creatures vanquished.

Grand Total: 273 creatures vanquished

Notes
Turn   | Place    | Note
-------+----------+-------------------------------------------
     0 | D:1      | jlumianski the Gargoyle Gladiator began the quest for the
                  | Orb.
     0 | D:1      | Reached XP level 1. HP: 12/12 MP: 1/1
    71 | D:1      | Reached XP level 2. HP: 17/17 MP: 2/2
   104 | D:1      | Reached skill level 3 in Axes
   522 | D:2      | Reached XP level 3. HP: 22/22 MP: 3/3
  1068 | D:2      | Found a faded altar of an unknown god.
  1187 | D:2      | Noticed Sigmund
  1191 | D:2      | Gained mutation: You are weak. (Str -2) [potion of
                  | mutation]
  1198 | D:2      | Killed Sigmund
  1199 | D:2      | Reached skill level 4 in Axes
  1199 | D:2      | Reached skill level 1 in Armour
  1199 | D:2      | Reached skill level 1 in Stealth
  1199 | D:2      | Reached XP level 4. HP: 28/28 MP: 4/4
  1199 | D:2      | Reached XP level 5. HP: 32/32 MP: 5/5
  1427 | D:2      | Reached XP level 6. HP: 37/37 MP: 6/6
  2204 | D:3      | Noticed an ice beast
  2226 | D:3      | Killed an ice beast
  2227 | D:3      | Reached skill level 5 in Axes
  2389 | D:3      | Noticed Grinder
  2393 | D:3      | Paralysed by Grinder for 3 turns
  2414 | D:3      | Killed Grinder
  2415 | D:3      | Reached XP level 7. HP: 42/42 MP: 7/7
  2639 | D:5      | Entered Level 5 of the Dungeon
  2682 | D:4      | Reached skill level 6 in Axes
  2822 | D:4      | Found a burning altar of Makhleb.
  3132 | D:4      | Reached XP level 8. HP: 13/48 MP: 8/8
  3356 | D:4      | Found a runed translucent door.
  3357 | D:4      | Noticed Crazy Yiuf
  3365 | D:4      | Killed Crazy Yiuf
  3796 | D:5      | Reached skill level 7 in Axes
  4609 | D:6      | Reached skill level 8 in Axes
  4688 | D:6      | Reached skill level 5 in Fighting
  4688 | D:6      | Reached XP level 9. HP: 34/54 MP: 9/9
  4890 | D:6      | Reached skill level 9 in Axes
  5044 | D:7      | Found a glowing silver altar of Zin.
  5259 | D:7      | Found a staircase to the Ecumenical Temple.
  5350 | Temple   | Entered the Ecumenical Temple
  5434 | Temple   | Became a worshipper of Qazlal Stormbringer
  6130 | D:8      | Found a bloodstained altar of Trog.
  6308 | D:8      | Reached skill level 10 in Axes
  6331 | D:8      | Got the Exposition on Conflagration and Coordinates
  6548 | D:8      | Noticed Prince Ribbit
  6583 | D:8      | Killed Prince Ribbit
  6584 | D:8      | Reached skill level 1 in Invocations
  6584 | D:8      | Reached skill level 1 in Evocations
  6584 | D:8      | Reached XP level 10. HP: 41/60 MP: 10/10
  6752 | D:9      | Noticed Harold
  6770 | D:9      | Killed Harold
  6771 | D:9      | Reached skill level 5 in Armour
  6892 | D:9      | Found a hazy altar of Hepliaklqana.
  6961 | D:10     | Entered Level 10 of the Dungeon
  7103 | D:9      | Reached * piety under Qazlal
  7209 | D:9      | Found a staircase to the Lair.
  7701 | D:11     | Noticed Lodul
  7841 | D:10     | Identified the +4 leather armour of Snakes and Ladders
                  | {rF+}
  7877 | D:10     | Reached skill level 11 in Axes
  7953 | D:9      | Reached skill level 1 in Shields
  7988 | D:11     | Noticed a two-headed ogre
  8019 | D:10     | Killed a two-headed ogre
  8020 | D:10     | Reached XP level 11. HP: 37/66 MP: 12/14
  8105 | D:11     | Found a portal to a secret trove of treasure.
  8223 | D:9      | Reached ** piety under Qazlal
  8453 | D:10     | Identified the +4 ring mail "Zopt" {Str+4}
  8681 | D:10     | Killed Lodul
  8881 | D:11     | Reached skill level 5 in Invocations
  8938 | D:11     | Noticed a manticore
  8949 | D:11     | Killed a manticore
  8950 | D:11     | Reached skill level 12 in Axes
  9093 | D:11     | Found a staircase to the Orcish Mines.
  9230 | D:11     | Noticed a cyclops
  9243 | D:11     | Killed a cyclops
  9588 | D:11     | Found a sparkling altar of Nemelex Xobeh.
  9629 | D:11     | Noticed a centaur warrior
  9639 | D:11     | Killed a centaur warrior
  9699 | D:12     | Noticed a manticore
  9716 | D:12     | Killed a manticore
  9888 | D:12     | Noticed a cyclops
  9903 | D:12     | Killed a cyclops
 10001 | D:11     | Noticed a manticore
 10019 | D:11     | Killed a manticore
 10020 | D:11     | Reached XP level 12. HP: 51/72 MP: 16/16
 10254 | D:12     | Noticed a two-headed ogre
 10274 | D:12     | Killed a two-headed ogre
 10300 | D:12     | Identified the +0 whip "Xyumuego" {venom, Fragile rElec
                  | rPois Str+3}
 10719 | D:12     | Mangled by a white ugly thing

Illustrated notes

Levels and vault maps discovered:
D:1:      elethiomel_arrival_shortcut, layout_basic, minmay_tripent
D:2:      layout_basic, hellmonk_ecumenical_altar_arch_garden, uniq_sigmund
D:3:      layout_basic, minmay_goblin_kobold_house, uniq_grinder
D:4:      layout_gridville, kennysheep_mini, kennysheep_generic_room_16,
          uniq_crazy_yiuf_cottage
D:5:      layout_gridville
D:6:      layout_rooms
D:7:      layout_loops_cross, marbit_many_paths, minmay_temple_entry_ruins
D:8:      layout_loops_ring, mainiacjoe_overflow_six_doors_small,
          uniq_prince_ribbit1
D:9:      layout_loops_ring, nicolae_overflow_hidden_temple,
          grunt_lair_entry_orc_guard_hut, uniq_harold
D:10:     layout_gridville, pond
D:11:     layout_stronghold, orc_0_dummy, serial_column_ruins,
          column_ruins_open_small, column_ruins_open_tiny,
          column_ruins_open_tiny, column_ruins_open_small_water,
          nicolae_trove_entry_free_sample, nemelex_diamond_rough_becter,
          uniq_lodul
D:12:     lemuel_ice_spiral_2, layout_basic
D:13:     layout_basic, uniq_nessos, uniq_erolcha
D:14:     layout_basic, grunt_vaults_entry_fortified, kennysheep_path_1,
          nicolae_water_bricks
Temple:   regret_index_temple_mists

Skill      XL: |  1  2  3  4  5  6  7  8  9 10 11 |
---------------+----------------------------------+-----
Axes           | 3 4 5 6 8 10 11 12 | 12.6
Fighting       | 3 4 5 6 7 |  7.9
Throwing       | 2 3 |  3.2
Armour         | 1 2 3 4 6 7 |  7.3
Dodging        | 3 4 |  4.7
Stealth        | 1 2 |  2.9
Invocations    | 1 4 6 |  6.4
Evocations     | 1 3 4 |  4.9
Shields        | 1 2 |  2.6

Action                   |  1- 3 |  4- 6 |  7- 9 | 10-12 || total
-------------------------+-------+-------+-------+-------++-------
Melee: War axe           |    86 |   109 |   454 |   514 ||  1163
       Punch             |       |     2 |     8 |    10 ||    20
Throw: Throwing net      |     3 |       |       |       ||     3
       Dart              |       |       |    19 |    16 ||    35
  Use: Potion            |     2 |     2 |     2 |     7 ||    13
       Scroll            |       |     1 |     9 |     7 ||    17
 Stab: Held in net/web   |     2 |       |       |       ||     2
       Sleeping          |       |     3 |       |       ||     3
Armor: Leather armour    |    44 |    24 |     2 |       ||    70
       Scale mail        |       |       |    41 |       ||    41
       Chain mail        |       |       |   280 |   342 ||   622
       Skin              |       |       |     2 |       ||     2
Dodge: Dodged            |    68 |    94 |   377 |   387 ||   926
Block: Other             |       |       |       |    54 ||    54

Table legend: (Time is in decaauts)
 A = Elapsed time spent in this place.
 B = Non-inter-level travel time spent in this place.
 C = Inter-level travel time spent in this place.
 D = Time resting spent in this place.
 E = Time spent auto-exploring this place.
 F = Levels seen in this place.
 G = Mean time per level.
                   A        B        C        D        E       F      G
               +--------+--------+--------+--------+--------+-----+--------+
         Total |  10898 |  10688 |    210 |    334 |   5498 |  15 |  726.5 |
       Dungeon |  10738 |  10528 |    210 |    334 |   5498 |  14 |  767.0 |
        Temple |    159 |    159 |      0 |      0 |      0 |   1 |  159.0 |
               +--------+--------+--------+--------+--------+-----+--------+

Top non-repeatable levels by time:
    D:11: 1193 daAuts
     D:5: 1124 daAuts
    D:10: 1073 daAuts
     D:4: 1039 daAuts
     D:1: 989 daAuts
     D:9: 937 daAuts
     D:8: 932 daAuts
     D:2: 813 daAuts
     D:7: 746 daAuts
    D:12: 728 daAuts
     D:3: 688 daAuts
     D:6: 426 daAuts
  Temple: 159 daAuts
    D:13: 28 daAuts
    D:14: 16 daAuts
